 Dungeon Crawl Stone Soup version 0.22-a0-833-g8522bf8125 (console) character file.

102 Lexodia the Ruffian (level 4, -3/44 HPs)
             Began as a Troll Fighter on July 25, 2018.
             Slain by an orc priest
             ... wielding a +0 war axe
              (4 damage)
             ... on level 3 of the Dungeon.
             The game lasted 00:01:52 (1165 turns).

Lexodia the Ruffian (Troll Fighter)                 Turns: 1165, Time: 00:01:52

Health: -3/44      AC:  5    Str: 27 (30) XL:     4   Next: 50%
Magic:  3/3        EV: 13    Int:  7 (9)  God:
Gold:   128        SH:  0    Dex: 13 (14) Spells: 3/3 levels left

rFire    . . .     SeeInvis .     - Unarmed
rCold    + . .     Gourm    +   b - +0 shield
rNeg     . . .     Faith    .   a - +0 robe
rPois    .         Spirit   .   (helmet restricted)
rElec    .         Reflect  .   (no cloak)
rCorr    .         Harm     .   (gloves unavailable)
MR       .....                  (boots unavailable)
Stlth    ++........             (no amulet)
HPRegen  0.54/turn              g - +5 ring of strength
MPRegen  0.08/turn              q - ring of protection from cold

@: confused, brilliant, agile, flying
A: large, unfitting armour, claws 3, fast metabolism 3, gourmand, regeneration
1, shaggy fur 1, tough skin 2
a: no special abilities


You were on level 3 of the Dungeon.
You were hungry.

You visited 1 branch of the dungeon, and saw 4 of its levels.

You collected 128 gold pieces.

Inventory:

Armour
 a - a +0 robe (worn)
 b - a +0 shield (worn)
Jewellery
 g - a +5 ring of strength (left claw)
 q - a ring of protection from cold (right claw)
Wands
 t - a wand of acid (5)
Scrolls
 e - a scroll of fear {unknown}
 f - a scroll of enchant armour {unknown}
 j - a scroll of blinking {unknown}
 l - a scroll of immolation {unknown}
 n - 2 scrolls of amnesia {unknown}
 o - a scroll of noise {unknown}
 p - a scroll of teleportation {unknown}
 r - a scroll of identify {unknown}
 s - 2 scrolls of remove curse {unknown}
Potions
 c - 2 potions of might
 k - a potion of agility
 m - a potion of flight
Comestibles
 d - 4 rations


   Skills:
 - Level 2.4 Fighting
 - Level 2.4 Dodging
 + Level 3.2 Shields
 * Level 4.1 Unarmed Combat


You had 3 spell levels left.
You didn't know any spells.
Your spell library contained the following spells:

 Spells                   Type           Power        Failure   Level  Hunger
 Magic Dart               Conj           #...         17%         1    ##.....
 Conjure Flame            Conj/Fire      #.......     41%         3    ####...
 Slow                     Hex            #.......     24%         2    ###....
 Mephitic Cloud           Conj/Pois/Air  #.......     41%         3    ####...
 Blink                    Tloc           N/A          24%         2    ###....
 Call Imp                 Summ           #.......     24%         2    ###....


Dungeon Overview and Level Annotations

Branches:
Dungeon (4/15)
 Temple: D:4-7

Altars:


Innate Abilities, Weirdness & Mutations

You are too large for most types of armour.
You have claws for hands.
Your metabolism is lightning-fast.
You like to eat raw meat.
Your natural rate of healing is unusually fast.
You are covered in fur. (AC +1)
You have very tough skin. (AC +2)


Message History

You hear some strange, mumbled words.
A magic dart appears from out of thin air!
The magic dart hits you!
* * * LOW HITPOINT WARNING * * *
Huge Dmg: -5%(-2hp) hp: 7%(3hp)
Your shield prevents you from hitting the orc priest.
The bat hits you but does no damage. The orc priest completely misses you.
Something hits you but does no damage.
You barely miss the orc priest. The bat hits you but does no damage.
You block the orc priest's attack.
You hear some strange, mumbled words.
You are confused.
Okay, then.
You're too confused!
You miss the orc priest. The bat hits you.
* * * LOW HITPOINT WARNING * * *
Something hits you.
* * * LOW HITPOINT WARNING * * *
The orc priest hits you with a war axe.
You die...

#.# ###......# #.##
#....... #..##
#####.....#
##(.######.)รท......#
##...##...####..###
###..).### ##...# ##
######..### ###..
....#...{...## ####..
........@o)..# #.....
......b.).)..##### #.....
..........(......###.....
............#......#.....
............####.).......
............# ##.....###
............# ###....##
...........## #...##..###
...#.....## #...###....


You could see an orc priest and a bat.

Vanquished Creatures
  An orc priest (D:3)
  3 adders (D:2)
  A worm (D:3)
  A dart slug (D:3)
  A leopard gecko (D:2)
  2 orcs (D:3)
  2 giant cockroaches
  4 goblins
  8 hobgoblins
  3 jackals (D:2)
  4 kobolds
  4 bats
  2 frilled lizards
  4 rats
40 creatures vanquished.

Notes
Turn   | Place    | Note
-------+----------+-------------------------------------------
     0 | D:1      | Lexodia the Troll Fighter began the quest for the Orb.
     0 | D:1      | Reached XP level 1. HP: 22/22 MP: 0/0
   147 | D:1      | You fall through a shaft!
   156 | D:2      | Reached XP level 2. HP: 29/29 MP: 1/1
   378 | D:2      | Reached skill level 3 in Unarmed Combat
   493 | D:2      | Reached XP level 3. HP: 36/36 MP: 2/2
  1129 | D:3      | Reached skill level 4 in Unarmed Combat
  1129 | D:3      | Reached XP level 4. HP: 44/44 MP: 3/3
  1146 | D:3      | Huge Dmg: 9 dmg
  1149 | D:3      | Huge Dmg: 15 dmg
  1151 | D:3      | Huge Dmg: 2 dmg
  1158 | D:3      | Huge Dmg: 3 dmg
  1163 | D:3      | Huge Dmg: 2 dmg
  1165 | D:3      | HP: 1/44 [something (2)]
  1165 | D:3      | Slain by an orc priest

Vault maps used:
D:1:      dpeg_chamrin_arrival_tetris
D:2:      first_ration, nrook_loot_triangle
D:4:      serial_shops, nicolae_shop_competitors_out_of_business, uniq_sigmund

Skill      XL: |  1  2  3 |
---------------+----------+-----
Unarmed Combat | 3 4 |  4.1
Shields        | 3 |  3.2
Fighting       | |  2.4
Dodging        | |  2.4

Action                   |  1- 3 |  4- 6 || total
-------------------------+-------+-------++-------
Melee: Unarmed           |   104 |    25 ||   129
  Use: Potion            |     4 |       ||     4
  Eat: Chunk             |     7 |       ||     7
Armor: Robe              |    32 |    27 ||    59
Dodge: Dodged            |    32 |    25 ||    57
Block: Shield            |    48 |    12 ||    60

Table legend:
 A = Spawn XP
 B = Non-spawn XP
 C = Spawn XP percentage of total XP
 D = Spawn monster count
 E = Non-spawn monster count
 F = Spawn count percentage of total count
 G = Total turns spent on level
                    A         B        C        D         E        F      G
               +---------+---------+-------+---------+---------+-------+---------
         Total |       0 |     147 |   0.0 |       0 |      40 |   0.0 |  1165
               +---------+---------+-------+---------+---------+-------+---------
           D:1 |       0 |       9 |   0.0 |       0 |       7 |   0.0 |   147
           D:2 |       0 |      67 |   0.0 |       0 |      18 |   0.0 |   622
           D:3 |       0 |      71 |   0.0 |       0 |      15 |   0.0 |   394
               +---------+---------+-------+---------+---------+-------+---------
